 Dungeon Crawl Stone Soup version 0.31-a0-345-g1ebeae05c6 (webtiles) character file.

Game seed: 10732987797536142918

2164 worthlessgem the Changeling (level 9, 0/64 (68) HPs)
             Began as a Barachi Shapeshifter on July 22, 2023.
             Was an Initiate of Ashenzari.
             Succumbed to a killer bee's poison
             ... on level 8 of the Dungeon on July 23, 2023.
             The game lasted 00:46:08 (6205 turns).

worthlessgem the Changeling (Barachi Shapeshifter)  Turns: 6205, Time: 00:46:09

HP:   0/64 (68)     AC:  4    Str: 18    XL:     9   Next: 32%
MP:   14/14         EV: 12    Int: 12    God:    Ashenzari [......]
Gold: 246           SH:  0    Dex: 12    Spells: 6/15 levels left

rFire   + . .        e - +1 falchion (venom)
rCold   . . .        (no shield)
rNeg    . . .        m - +0 leather armour
rPois   .            (no helmet)
rElec   .            (no cloak)
rCorr   .            (no gloves)
SInv    +            f - +0 pair of boots "Cryptic Fortune-Teller" {Dev, Fort} (curse)
Will    .....        n - amulet of regeneration
Stlth   +            t - ring of protection from fire
HPRegen 0.00/turn    b - ring of see invisible
MPRegen 0.14/turn

%: no passive effects
@: lethally poisoned (0 -> -6), attractive, inhibited regen, drained, slow
A: amphibious, slowness 1, strong legs 1, +LOS, iridescent scales 1, deformed
body, inhibited regeneration
a: Hop, Renounce Religion, Shatter the Chains


You were on level 8 of the Dungeon.
You worshipped Ashenzari.
Ashenzari was noncommittal.
You visited 2 branches of the dungeon, and saw 9 of its levels.

You collected 246 gold pieces.

Inventory:

Hand Weapons
 e - a +1 falchion of venom (weapon)
 w - a +1 sling of flaming
Missiles
 i - 8 boomerangs
 j - 34 stones
 r - 14 poisoned darts
Armour
 a - a +0 animal skin
 f - the cursed +0 pair of boots "Cryptic Fortune-Teller" (worn) {Dev, Fort}
   (You found it on level 4 of the Dungeon)

   It has a curse which improves the following skills: Devices: Evocations and
   Shapeshifting.
   Fortitude: Armour and Shields.
 m - a +0 leather armour (worn)
 u - a +2 chain mail of fire resistance
Jewellery
 b - a ring of see invisible (right hand)
 l - an amulet of magic regeneration
 n - an amulet of regeneration (around neck)
 p - an amulet of the acrobat
 t - a ring of protection from fire (left hand)
 x - a ring of ice
Talismans
 c - a beast talisman
Scrolls
 d - 3 scrolls of identify
 g - a scroll of fog
 h - a scroll of teleportation
 k - a scroll of enchant weapon
Potions
 q - a potion of cancellation
 v - a potion of attraction


   Skills:
 - Level 5.3 Fighting
 - Level 2.1 Dodging
 - Level 3.2 Unarmed Combat
 - Level 3.8 Spellcasting
 - Level 4.3 Conjurations
 - Level 1.1 Summonings
 - Level 2.0 Necromancy
 + Level 2.3 Air Magic
 - Level 4.0 Earth Magic
 - Level 2.1 Poison Magic
 - Level 7.4(7.8) Shapeshifting


You had 6 spell levels left.
You knew the following spells:

 Your Spells              Type           Power      Damage    Failure   Level
a - Cigotuvi's Dreadful   Necr/Pois/Air  14%        N/A       17%         2
b - Stone Arrow           Conj/Erth      24%        3d8       14%         3
c - Animate Armour        Summ/Erth      16%        N/A       65%         4

Your spell library contained the following spells:

 Spells                   Type           Power      Damage    Failure   Level
 Kiss of Death            Conj/Necr      36%        2d8       8%          1
 Poisonous Vapours        Pois/Air       14%        N/A       16%         2
 Sting                    Tmut/Pois      16%        1d3       17%         1
 Lesser Beckoning         Tloc           4%         N/A       38%         2
 Ignite Poison            Fire/Tmut/Pois 4%         N/A       52%         3
 Confusing Touch          Hex            2%         N/A       63%         3
 Gell's Gravitas          Tloc           2%         N/A       63%         3
 Teleport Other           Tloc           2%         N/A       63%         3
 Tukima's Dance           Hex            2%         N/A       63%         3
 Olgreb's Toxic Radiance  Pois           7%         N/A       73%         4
 Dispel Undead            Necr           7%         3d8       75%         4
 Passage of Golubria      Tloc           2%         N/A       95%         4
 Freezing Cloud           Conj/Ice/Air   3%         6-21      96%         5
 Yara's Violent Unravell  Hex/Tmut       1%         3d3       100%        5
 Lehudib's Crystal Spear  Conj/Erth      6%         10d3      100%        8
 Chain Lightning          Conj/Air       5%         3d6       100%        9
 Fire Storm               Conj/Fire      3%         8d1       100%        9
 Shatter                  Erth           6%         3d9*      100%        9


Dungeon Overview and Level Annotations

Branches:
Dungeon (8/15)             Temple (1/1) D:5
   Lair: D:8-11

Altars:
Ashenzari
Cheibriados
Dithmenos
Elyvilon
Gozag
Hepliaklqana
Kikubaaqudgha
Makhleb
Okawaru
Ru
Trog
Wu Jian
Yredelemnul
Zin
The Shining One

Shops:
D:6 (

Annotations:
D:4 Dowan, Duvessa
D:8 Erica


Innate Abilities, Weirdness & Mutations

You are amphibious.
You cover ground slowly.
You can hop short distances.
You have an extended range of vision and can be seen from far away.
You are partially covered in iridescent scales. (AC +2)
Armour fits poorly on your strangely shaped body.
You do not regenerate when monsters are visible.


Message History

You are more poisoned.
The killer bee poisons you! The killer bee barely misses you.
You barely miss the killer bee.
You feel very sick. The killer bee stings you.
* * * LOW HITPOINT WARNING * * *
You are more poisoned.
The killer bee poisons you! The killer bee misses you.
The killer bee stings you but does no damage.
It was a potion of attraction.
You feel attractive to monsters.
You feel very sick. The killer bee misses you. x2
It was a potion of mutation.
You feel extremely strange.
Iridescent scales grow over part of your body.
Your body twists and deforms.
Your regeneration stops near monsters.
* * * LOW HITPOINT WARNING * * *
You feel very sick. The killer bee barely misses you.
The killer bee closely misses you.
Unknown command.
Okay, then.
As you read the scroll labelled MOWKAQ DIRAI, it crumbles to dust.
You feel aware of your surroundings.
You sensed 3 altars.
It was a scroll of revelation.
* * * LOW HITPOINT WARNING * * *
You feel sick.
The killer bee stings you but does no damage.
The killer bee barely misses you.
You hit the killer bee but do no damage.
The killer bee is poisoned.
* * * LOW HITPOINT WARNING * * *
You feel very sick. The killer bee stings you.
* * * LOW HITPOINT WARNING * * *
The killer bee barely misses you.
The killer bee stings you but does no damage.
Okay, then.
You closely miss the killer bee.
The killer bee is lightly wounded.
You die...

*###***,.........########
....,,,,....$....########
....,,,,####.....########
....,,,,...+.....'....>##
....,,,,####.....#####.##
....,,,,##############.##
*,******############...##
*,* ########.....#### *,*
########@######## *,*
**########y######## #,*
*,.......#.######## ..#*
**,.......'.########
...#**,,.......##########
#...**,,.......##########
*.#.**,,.......##########
,,.,,+,,[......##########
*,*,**,,.......##########


You could see a killer bee (very poisoned).

Vanquished Creatures
  Eustachio (D:4)
  A wyvern (D:8)
  A steam dragon (D:6)
  2 ice beasts (D:5)
  2 black bears
  3 ogres
  A centaur (D:6)
  4 scorpions
  2 killer bees (D:8)
  3 hounds
  An orc priest (D:6)
  A gnoll bouda (D:5)
  A sleepcap (D:6)
  3 iguanas
  4 orc wizards
  8 gnolls
  15 adders
  2 shadow imps
  2 worms (D:5)
  2 dart slugs (D:3)
  23 orcs
  4 ball pythons
  3 bats
  6 endoplasms
  5 giant cockroaches
  15 goblins
  11 hobgoblins
  4 jackals (D:1)
  4 quokkas
  3 frilled lizards
  11 kobolds
  9 rats
157 creatures vanquished.

Notes
Turn   | Place    | Note
-------+----------+-------------------------------------------
     0 | D:1      | worthlessgem the Barachi Shapeshifter began the quest for
                  | the Orb.
     0 | D:1      | Reached XP level 1. HP: 15/15 MP: 1/1
   175 | D:1      | Reached XP level 2. HP: 19/22 MP: 2/2
   660 | D:1      | Reached XP level 3. HP: 27/27 MP: 3/3
   671 | D:1      | Reached skill level 4 in Shapeshifting
   679 | D:1      | Found a faded altar of an unknown god.
  1438 | D:2      | Reached XP level 4. HP: 34/34 MP: 4/4
  2078 | D:3      | Found a broken altar of Ashenzari.
  2163 | D:3      | Reached XP level 5. HP: 41/41 MP: 5/5
  2264 | D:3      | Reached skill level 5 in Shapeshifting
  3294 | D:4      | Found a shadowy altar of Dithmenos.
  3327 | D:4      | Reached XP level 6. HP: 48/48 MP: 6/6
  3350 | D:4      | Noticed a black bear
  3468 | D:3      | Became a worshipper of Ashenzari the Shackled
  3599 | D:4      | Killed a black bear
  3609 | D:4      | Reached skill level 6 in Shapeshifting
  3780 | D:4      | Noticed Eustachio
  3808 | D:4      | Killed Eustachio
  3809 | D:4      | Reached skill level 5 in Fighting
  3809 | D:4      | Reached XP level 7. HP: 8/56 MP: 7/7
  3811 | D:4      | HP: 4/84 [poisoned by Eustachio]
  3816 | D:4      | HP: 3/84 [poisoned by Eustachio]
  4113 | D:4      | Found a glowing golden altar of the Shining One.
  4172 | D:4      | Learned a level 2 spell: Cigotuvi's Dreadful Rot
  4240 | D:5      | Entered Level 5 of the Dungeon
  4317 | D:4      | Reached skill level 1 in Spellcasting
  4430 | D:5      | Reached skill level 1 in Necromancy
  4430 | D:5      | Reached skill level 1 in Air Magic
  4430 | D:5      | Reached skill level 1 in Poison Magic
  4430 | D:5      | Reached XP level 8. HP: 41/62 MP: 10/12
  4449 | D:5      | Noticed Duvessa
  4449 | D:5      | Noticed Dowan
  4601 | D:5      | Found a staircase to the Ecumenical Temple.
  4608 | Temple   | Entered the Ecumenical Temple
  4788 | D:5      | Learned a level 3 spell: Stone Arrow
  5253 | D:6      | Reached skill level 1 in Conjurations
  5253 | D:6      | Reached skill level 1 in Earth Magic
  5253 | D:6      | Reached skill level 7 in Shapeshifting
  5500 | D:6      | Found Hiciliy's Weapon Emporium.
  5686 | D:6      | Reached XP level 9. HP: 67/68 MP: 2/14
  6071 | D:8      | Learned a level 4 spell: Animate Armour
  6132 | D:8      | Noticed Erica
  6189 | D:8      | Reached skill level 1 in Summonings
  6202 | D:8      | Gained mutation: You are partially covered in iridescent
                  | scales. (AC +2) [potion of mutation]
  6202 | D:8      | Gained mutation: Armour fits poorly on your strangely
                  | shaped body. [potion of mutation]
  6202 | D:8      | Gained mutation: You do not regenerate when monsters are
                  | visible. [potion of mutation]
  6204 | D:8      | HP: 1/64 [killer bee (4)]
  6205 | D:8      | Succumbed to a killer bee's poison

Illustrated notes

Levels and vault maps discovered:
D:1:      lightli_molten_gateway, layout_basic,
          hellmonk_ecumenical_altar_dog_temple
D:2:      layout_basic
D:3:      layout_basic, ashenzari_conservatory_becter
D:4:      layout_rooms, grunt_dithmenos_smoke, lemuel_round_altar,
          columned_hall_lemuel, minmay_between, uniq_eustachio
D:5:      layout_rooms, minmay_temple_entry_gardened_gates, uniq_duvessa
D:6:      layout_rooms, serial_shops, nicolae_shop_window_shopping,
          kennysheep_generic_room_7
D:7:      layout_layer_cave, uniq_maggie, uniq_joseph, uniq_prince_ribbit1
D:8:      layout_basic, gammafunk_temple_overflow_claw, uniq_erica
Temple:   hellmonk_temple_two_chambers

Skill      XL: |  1  2  3  4  5  6  7  8  9 |
---------------+----------------------------+-----
Fighting       | 2 3 4 5 |  5.3
Shapeshifting  | 4 5 6 7 |  7.4
Spellcasting   | 3 |  3.8
Necromancy     | 1 2 |  2.0
Air Magic      | 1 2 |  2.3
Poison Magic   | 1 2 |  2.1
Conjurations   | 3 4 |  4.3
Earth Magic    | 3 4 |  4.0
Summonings     | 1 |  1.1
Dodging        | |  2.1
Unarmed Combat | |  3.2

Action                     |  1- 3 |  4- 6 |  7- 9 || total
---------------------------+-------+-------+-------++-------
  Melee: Hand axe          |    44 |    87 |       ||   131
         Unarmed           |    30 |    18 |     8 ||    56
         Punch             |     3 |     1 |     5 ||     9
         Falchion          |       |       |   191 ||   191
   Fire: Sling             |     9 |    98 |    37 ||   144
  Throw: Boomerang         |     2 |     1 |     4 ||     7
         Stone             |    13 |    11 |     8 ||    32
         Dart              |       |       |     1 ||     1
   Cast: Cigotuvi's Dreadf |       |       |     5 ||     5
         Stone Arrow       |       |       |    11 ||    11
 Invoke: Curse Item        |       |       |     1 ||     1
Ability: Hop               |     1 |     2 |     1 ||     4
    Use: Scroll            |       |     4 |    10 ||    14
         Potion            |       |     4 |     6 ||    10
   Stab: Sleeping          |     2 |       |       ||     2
 Armour: Animal skin       |    18 |     7 |       ||    25
         Chain mail        |       |    45 |     9 ||    54
         Skin              |       |    29 |       ||    29
         Leather armour    |       |       |    75 ||    75
  Dodge: Dodged            |    37 |    95 |   213 ||   345
         Form:             |     1 |       |     1 ||     2
         Beast             |     1 |       |       ||     1

Table legend: (Time is in decaauts)
 A = Elapsed time spent in this place.
 B = Non-inter-level travel time spent in this place.
 C = Inter-level travel time spent in this place.
 D = Time resting spent in this place.
 E = Time spent auto-exploring this place.
 F = Levels seen in this place.
 G = Mean time per level.
                   A        B        C        D        E       F      G
               +--------+--------+--------+--------+--------+-----+--------+
         Total |   7247 |   6714 |    533 |    386 |   4190 |   9 |  805.2 |
       Dungeon |   7192 |   6659 |    533 |    342 |   4190 |   8 |  899.0 |
        Temple |     54 |     54 |      0 |     44 |      0 |   1 |   54.0 |
               +--------+--------+--------+--------+--------+-----+--------+

Top non-repeatable levels by time:
     D:3: 1676 daAuts
     D:1: 1337 daAuts
     D:4: 1171 daAuts
     D:5: 1079 daAuts
     D:2: 919 daAuts
     D:6: 736 daAuts
     D:8: 264 daAuts
  Temple: 54 daAuts
     D:7: 7 daAuts
